Avalanche vs RedWings

Created - April 12 2011 at 18:43

Goals
1 2 3 T
Avalanche 1 1 0 2
RedWings 2 1 0 3
Shots
1 2 3 T
Avalanche 8 7 1 16
RedWings 8 9 9 26

Period #1

1. RedWings , Alexandre Burrows 1 (Travis Zajac, Colin White) at 0:25
2. RedWings , Brian Campbell 1 (Keith Yandle, Zach Parise) at 2:30 (PP)
3. Avalanche , T.J. Oshie 1 (Vaclav Prospal, Joe Corvo) at 6:59

Penalties :
Vaclav Prospal (COL) for Holding (Minor) at 1:47, Wade Redden (COL) for Hooking (Minor) at 3:02, James Vandermeer (COL) for Tripping (Minor) at 12:53, Tyler Bozak (COL) for High sticking (Minor) at 19:04

Period #2

4. RedWings , Zach Parise 1 (Ryan Getzlaf, Alexandre Burrows) at 0:42 (PP)
5. Avalanche , Tyler Bozak 1 (Wojtek Wolski, Cam Barker) at 17:46

Penalties :
Curtis Glencross (DET) for Hooking (Minor) at 1:13, Ryan Getzlaf (DET) for Cross-checking (Minor) at 6:50, Pavel Kubina (DET) for Hooking (Minor) at 9:05, Ian Laperriere (COL) for Holding (Minor) at 9:05, Colin White (DET) for Hooking (Minor) at 12:39, Ryan White (COL) for Hooking (Minor) at 12:39, Kevin Klein (COL) for Interference (Minor) at 13:34, Joe Corvo (COL) for Interference (Minor) at 14:51

Period #3

No Goal

Penalties :
Ian Laperriere (COL) for Roughing (Minor) at 1:42, Kevin Klein (COL) for High sticking (Minor) at 1:45, Joe Corvo (COL) for Holding (Minor) at 8:52, Mike Knuble (COL) for Interference (Minor) at 11:59, Brett Clark (DET) for Hooking (Minor) at 14:11

Goalie Stats

Antti Niemi (COL), 23 saves from 26 shots - (0.885), L, 0-1-0, 59:09 minutes
Craig Anderson (DET), 14 saves from 16 shots - (0.875), W, 1-0-0, 60:00 minutes

Players Stats

Avalanche
Player Name              G  A  P  +/- PIM S  H  SB FO    MP 
------------------------------------------------------------
Antti Miettinen          0  0  0   0  0   1  0  1  0/0   11 
Cal Clutterbuck          0  0  0   0  0   0  0  1  0/0   7  
Cam Barker               0  1  1   1  0   1  0  0  0/0   18 
Daniel Paille            0  0  0   0  0   0  0  0  0/0   11 
Dustin Penner            0  0  0   0  0   2  1  0  0/0   16 
Ian Laperriere           0  0  0   0  4   2  3  1  1/2   13 
James Vandermeer         0  0  0   0  2   0  1  5  0/0   18 
Joe Corvo                0  1  1   0  4   0  0  2  0/0   20 
Joni Pitkanen            0  0  0   1  0   0  2  1  0/0   20 
Kevin Klein              0  0  0   0  4   0  1  3  0/0   17 
Mike Knuble              0  0  0   1  2   1  2  0  0/1   15 
Ryan White               0  0  0   0  2   0  2  0  1/4   5  
Shawn Horcoff            0  0  0   0  0   0  0  1  13/23 17 
T.J. Oshie               1  0  1   0  0   4  0  0  0/0   15 
Tyler Bozak              1  0  1   1  2   1  0  0  10/22 17 
Vaclav Prospal           0  1  1   0  2   0  1  0  12/24 21 
Wade Redden              0  0  0   0  2   0  1  3  0/0   22 
Wojtek Wolski            0  1  1   1  0   4  0  0  0/1   12 
RedWings
Player Name              G  A  P  +/- PIM S  H  SB FO    MP 
------------------------------------------------------------
Alexandre Burrows        1  1  2  -1  0   3  3  0  1/5   19 
Brett Clark              0  0  0   0  2   0  0  1  0/0   15 
Brian Campbell           1  0  1   0  0   2  0  0  0/0   20 
Colin White              0  1  1  -1  2   0  1  3  0/0   18 
Curtis Glencross         0  0  0   0  2   0  0  0  0/2   14 
Jamie Langenbrunner      0  0  0   0  0   0  0  0  1/1   18 
Keith Yandle             0  1  1   0  0   0  0  0  0/0   22 
Kris Draper              0  0  0   0  0   1  1  0  0/0   8  
Marty Reasoner           0  0  0   0  0   1  0  0  5/8   14 
Nate Thompson            0  0  0   0  0   1  0  0  6/12  7  
Niclas Bergfors          0  0  0   0  0   2  0  0  0/0   10 
Paul Martin              0  0  0   0  0   0  1  0  0/0   21 
Pavel Kubina             0  0  0  -1  2   0  0  2  0/0   21 
Pavol Demitra            0  0  0   0  0   0  0  0  0/1   6  
Ray Whitney              0  0  0  -1  0   3  0  0  0/2   18 
Ryan Getzlaf             0  1  1   0  2   2  2  0  13/22 19 
Travis Zajac             0  1  1  -1  0   6  0  0  13/23 19 
Zach Parise              1  1  2   0  0   5  1  0  1/1   21 

3 Stars

1 - Alexandre Burrows (DET)
2 - Zach Parise (DET)
3 - T.J. Oshie (COL)

Power Play

Avalanche - 0 on 3 Attempt(s) - 0.00%
RedWings - 2 on 10 Attempt(s) - 20.00%

Penalty Kill

Avalanche - 8 on 10 Attempt(s) - 80.00% - Score 0 goal in Penalty Kill
RedWings - 3 on 3 Attempt(s) - 100.00% - Score 0 goal in Penalty Kill

Game Notes

No Game Note

Finance

Level 1 -- Attendance: 6500 (100.00%) -- Ticket Income $520,000.00
Level 2 -- Attendance: 5000 (100.00%) -- Ticket Income $225,000.00
Level 3 -- Attendance: 3500 (100.00%) -- Ticket Income $105,000.00
Level 4 -- Attendance: 3193 (78.53%) -- Ticket Income $47,895.00
Luxury Box -- Attendance: 1000 (100.00%) -- Ticket Income $150,000.00
Game was played at the Joe Louis Arena
Total Attendance: 19193 (95.65%)
Total Ticket Income: $1,076,592.00
Other Income: $322,977.71
Total Income: $1,399,570.00


Play by Play

Period #1

0:01 of 1st period - Vaclav Prospal wins face-off versus Travis Zajac in neutral zone.
0:25 of 1st period - Shot by Alexandre Burrows.
0:25 of 1st period - Goal by Alexandre Burrows - Avalanche : 0 - RedWings : 1.
0:26 of 1st period - Tyler Bozak wins face-off versus Ryan Getzlaf in neutral zone.
0:48 of 1st period - Shot by Mike Knuble.
0:48 of 1st period - Deflect By Wojtek Wolski.
0:48 of 1st period - Stopped by Craig Anderson without a rebound.
0:49 of 1st period - Marty Reasoner wins face-off versus Shawn Horcoff in RedWings zone.
0:49 of 1st period - Marty Reasoner is hit by Ian Laperriere.
1:28 of 1st period - Shot by Antti Miettinen.
1:28 of 1st period - Shot Misses the Net.
1:47 of 1st period - Minor Penalty to Vaclav Prospal for Holding.
1:48 of 1st period - Ryan Getzlaf wins face-off versus Tyler Bozak in Avalanche zone.
2:16 of 1st period - Shot by Zach Parise.
2:16 of 1st period - Shot Blocked by James Vandermeer.
2:18 of 1st period - Shot by Alexandre Burrows.
2:18 of 1st period - Shot Misses the Net.
2:20 of 1st period - Shot by Alexandre Burrows.
2:20 of 1st period - Shot Misses the Net.
2:26 of 1st period - Shot by Brian Campbell.
2:26 of 1st period - Shot Blocked by Joni Pitkanen.
2:30 of 1st period - Shot by Brian Campbell.
2:30 of 1st period - Goal by Brian Campbell - Avalanche : 0 - RedWings : 2.
2:31 of 1st period - Travis Zajac wins face-off versus Vaclav Prospal in neutral zone.
2:47 of 1st period - Shot by Vaclav Prospal.
2:47 of 1st period - Shot Misses the Net.
3:00 of 1st period - Travis Zajac is hit by Wade Redden and loses puck.
3:02 of 1st period - Minor Penalty to Wade Redden for Hooking.
3:03 of 1st period - Tyler Bozak wins face-off versus Travis Zajac in Avalanche zone.
3:29 of 1st period - Shot by Travis Zajac.
3:29 of 1st period - Stopped by Antti Niemi with a rebound.
3:43 of 1st period - Icing by Keith Yandle.
3:44 of 1st period - Shawn Horcoff wins face-off versus Ryan Getzlaf in RedWings zone.
5:10 of 1st period - Shot by T.J. Oshie.
5:10 of 1st period - Stopped by Craig Anderson without a rebound.
5:11 of 1st period - Tyler Bozak wins face-off versus Pavol Demitra in RedWings zone.
5:18 of 1st period - Shot by Mike Knuble.
5:18 of 1st period - Shot Misses the Net.
5:20 of 1st period - Shot by Mike Knuble.
5:20 of 1st period - Deflect By Wojtek Wolski.
5:20 of 1st period - Stopped by Craig Anderson without a rebound.
5:21 of 1st period - Vaclav Prospal wins face-off versus Marty Reasoner in RedWings zone.
5:45 of 1st period - Shot by T.J. Oshie.
5:45 of 1st period - Stopped by Craig Anderson without a rebound.
5:46 of 1st period - Ryan Getzlaf wins face-off versus Tyler Bozak in RedWings zone.
6:13 of 1st period - Shot by Wojtek Wolski.
6:13 of 1st period - Stopped by Craig Anderson with a rebound.
6:15 of 1st period - Shot by Cam Barker.
6:15 of 1st period - Shot Misses the Net.
6:17 of 1st period - Shot by Wojtek Wolski.
6:17 of 1st period - Stopped by Craig Anderson without a rebound.
6:18 of 1st period - Nate Thompson wins face-off versus Shawn Horcoff in RedWings zone.
6:18 of 1st period - Nate Thompson is hit by Ian Laperriere.
6:31 of 1st period - Shot by Kris Draper.
6:31 of 1st period - Stopped by Antti Niemi without a rebound.
6:32 of 1st period - Travis Zajac wins face-off versus Vaclav Prospal in Avalanche zone.
6:55 of 1st period - Shot by Vaclav Prospal.
6:55 of 1st period - Shot Misses the Net.
6:59 of 1st period - Shot by Vaclav Prospal.
6:59 of 1st period - Deflect By T.J. Oshie.
6:59 of 1st period - Goal by T.J. Oshie - Avalanche : 1 - RedWings : 2.
7:00 of 1st period - Ryan Getzlaf wins face-off versus Ryan White in neutral zone.
7:17 of 1st period - Brian Campbell is hit by Ryan White and loses puck.
8:20 of 1st period - Shot by Niclas Bergfors.
8:20 of 1st period - Shot Blocked by Wade Redden.
8:22 of 1st period - Shot by Marty Reasoner.
8:22 of 1st period - Stopped by Antti Niemi without a rebound.
8:23 of 1st period - Travis Zajac wins face-off versus Shawn Horcoff in Avalanche zone.
8:26 of 1st period - Shot by Alexandre Burrows.
8:26 of 1st period - Shot Blocked by Ian Laperriere.
8:48 of 1st period - Shot by Shawn Horcoff.
8:48 of 1st period - Shot Misses the Net.
8:52 of 1st period - Shot by Antti Miettinen.
8:52 of 1st period - Shot Blocked by Pavel Kubina.
8:54 of 1st period - Shot by Ian Laperriere.
8:54 of 1st period - Stopped by Craig Anderson with a rebound.
8:56 of 1st period - Shot by Ian Laperriere.
8:56 of 1st period - Shot Blocked by Pavel Kubina.
9:05 of 1st period - Icing by Colin White.
9:06 of 1st period - Vaclav Prospal wins face-off versus Travis Zajac in RedWings zone.
9:24 of 1st period - Icing by Colin White.
9:25 of 1st period - Travis Zajac wins face-off versus Tyler Bozak in RedWings zone.
10:43 of 1st period - Joe Corvo is hit by Zach Parise and loses puck.
10:56 of 1st period - Shot by Ryan Getzlaf.
10:56 of 1st period - Deflect By Zach Parise.
10:56 of 1st period - Shot Misses the Net.
11:00 of 1st period - Shot by Ryan Getzlaf.
11:00 of 1st period - Shot Misses the Net.
11:02 of 1st period - Shot by Zach Parise.
11:02 of 1st period - Shot Misses the Net.
11:08 of 1st period - Shot by Zach Parise.
11:08 of 1st period - Shot Hit the Post.
11:55 of 1st period - Icing by Joe Corvo.
11:56 of 1st period - Vaclav Prospal wins face-off versus Travis Zajac in Avalanche zone.
11:56 of 1st period - Vaclav Prospal is hit by Alexandre Burrows.
12:04 of 1st period - Shot by Alexandre Burrows.
12:04 of 1st period - Shot Blocked by Joe Corvo.
12:12 of 1st period - Shot by Travis Zajac.
12:12 of 1st period - Shot Misses the Net.
12:14 of 1st period - Shot by Travis Zajac.
12:14 of 1st period - Deflect By Ray Whitney.
12:14 of 1st period - Stopped by Antti Niemi with a rebound.
12:16 of 1st period - Shot by Travis Zajac.
12:16 of 1st period - Shot Misses the Net.
12:20 of 1st period - Shot by Alexandre Burrows.
12:20 of 1st period - Shot Misses the Net.
12:24 of 1st period - Shot by Alexandre Burrows.
12:24 of 1st period - Deflect By Travis Zajac.
12:24 of 1st period - Stopped by Antti Niemi without a rebound.
12:25 of 1st period - Ryan Getzlaf wins face-off versus Tyler Bozak in Avalanche zone.
12:39 of 1st period - Icing by Brian Campbell.
12:40 of 1st period - Ryan Getzlaf wins face-off versus Shawn Horcoff in RedWings zone.
12:40 of 1st period - Brian Campbell is hit by Ian Laperriere and loses puck.
12:53 of 1st period - Shot by Ryan Getzlaf.
12:53 of 1st period - Stopped by Antti Niemi without a rebound.
12:53 of 1st period - Minor Penalty to James Vandermeer for Tripping.
12:54 of 1st period - Shawn Horcoff wins face-off versus Travis Zajac in Avalanche zone.
13:27 of 1st period - Icing by Jamie Langenbrunner.
13:28 of 1st period - Travis Zajac wins face-off versus Shawn Horcoff in RedWings zone.
14:09 of 1st period - Alexandre Burrows is hit by Kevin Klein and loses puck.
14:50 of 1st period - Shot by Travis Zajac.
14:50 of 1st period - Shot Misses the Net.
14:52 of 1st period - Shot by Colin White.
14:52 of 1st period - Shot Misses the Net.
15:15 of 1st period - Icing by Cam Barker.
15:16 of 1st period - Tyler Bozak wins face-off versus Curtis Glencross in Avalanche zone.
15:38 of 1st period - Shot by Curtis Glencross.
15:38 of 1st period - Shot Blocked by James Vandermeer.
16:57 of 1st period - Icing by Cam Barker.
16:58 of 1st period - Ryan Getzlaf wins face-off versus Ryan White in Avalanche zone.
17:09 of 1st period - Shot by Zach Parise.
17:09 of 1st period - Shot Misses the Net.
18:11 of 1st period - Shot by Travis Zajac.
18:11 of 1st period - Shot Blocked by Wade Redden.
18:13 of 1st period - Shot by Travis Zajac.
18:13 of 1st period - Shot Misses the Net.
18:15 of 1st period - Shot by Alexandre Burrows.
18:15 of 1st period - Shot Misses the Net.
18:17 of 1st period - Shot by Travis Zajac.
18:17 of 1st period - Shot Blocked by Kevin Klein.
18:21 of 1st period - Shot by Travis Zajac.
18:21 of 1st period - Shot Misses the Net.
18:42 of 1st period - Shot by Travis Zajac.
18:42 of 1st period - Shot Misses the Net.
18:44 of 1st period - Shot by Colin White.
18:44 of 1st period - Shot Misses the Net.
18:48 of 1st period - Shot by Ray Whitney.
18:48 of 1st period - Shot Blocked by Kevin Klein.
18:59 of 1st period - Icing by Brian Campbell.
19:00 of 1st period - Tyler Bozak wins face-off versus Nate Thompson in RedWings zone.
19:04 of 1st period - Minor Penalty to Tyler Bozak for High sticking.
19:05 of 1st period - Vaclav Prospal wins face-off versus Ryan Getzlaf in Avalanche zone.
19:11 of 1st period - Icing by Curtis Glencross.
19:12 of 1st period - Vaclav Prospal wins face-off versus Ryan Getzlaf in RedWings zone.

Period #2

0:01 of 2nd period - Shawn Horcoff wins face-off versus Ryan Getzlaf in neutral zone.
0:01 of 2nd period - Daniel Paille is hit by Alexandre Burrows.
0:36 of 2nd period - Shot by Brian Campbell.
0:36 of 2nd period - Shot Blocked by Shawn Horcoff.
0:38 of 2nd period - Shot by Alexandre Burrows.
0:38 of 2nd period - Shot Misses the Net.
0:42 of 2nd period - Shot by Zach Parise.
0:42 of 2nd period - Goal by Zach Parise - Avalanche : 1 - RedWings : 3.
0:43 of 2nd period - Vaclav Prospal wins face-off versus Marty Reasoner in neutral zone.
1:13 of 2nd period - Minor Penalty to Curtis Glencross for Hooking.
1:14 of 2nd period - Marty Reasoner wins face-off versus Vaclav Prospal in RedWings zone.
1:23 of 2nd period - Shot by Mike Knuble.
1:23 of 2nd period - Shot Blocked by Colin White.
1:25 of 2nd period - Shot by Wojtek Wolski.
1:25 of 2nd period - Shot Misses the Net.
1:27 of 2nd period - Shot by Mike Knuble.
1:27 of 2nd period - Stopped by Craig Anderson without a rebound.
1:28 of 2nd period - Tyler Bozak wins face-off versus Nate Thompson in RedWings zone.
1:55 of 2nd period - Shot by Dustin Penner.
1:55 of 2nd period - Stopped by Craig Anderson without a rebound.
1:56 of 2nd period - Marty Reasoner wins face-off versus Vaclav Prospal in RedWings zone.
1:56 of 2nd period - Marty Reasoner is hit by Mike Knuble.
2:11 of 2nd period - Off-side.
2:12 of 2nd period - Vaclav Prospal wins face-off versus Nate Thompson in neutral zone.
2:40 of 2nd period - Shot by Mike Knuble.
2:40 of 2nd period - Shot Misses the Net.
2:48 of 2nd period - Icing by Joni Pitkanen.
2:49 of 2nd period - Nate Thompson wins face-off versus Vaclav Prospal in Avalanche zone.
3:15 of 2nd period - Icing by T.J. Oshie.
3:16 of 2nd period - Travis Zajac wins face-off versus Ian Laperriere in Avalanche zone.
4:11 of 2nd period - Icing by Cam Barker.
4:12 of 2nd period - Ryan Getzlaf wins face-off versus Ryan White in Avalanche zone.
4:37 of 2nd period - Shot by Ryan Getzlaf.
4:37 of 2nd period - Shot Misses the Net.
4:39 of 2nd period - Shot by Jamie Langenbrunner.
4:39 of 2nd period - Shot Misses the Net.
4:43 of 2nd period - Shot by Ryan Getzlaf.
4:43 of 2nd period - Stopped by Antti Niemi with a rebound.
4:47 of 2nd period - Shot by Zach Parise.
4:47 of 2nd period - Shot Misses the Net.
4:51 of 2nd period - Shot by Zach Parise.
4:51 of 2nd period - Stopped by Antti Niemi with a rebound.
5:22 of 2nd period - Shot by Niclas Bergfors.
5:22 of 2nd period - Stopped by Antti Niemi without a rebound.
5:23 of 2nd period - Shawn Horcoff wins face-off versus Nate Thompson in Avalanche zone.
5:52 of 2nd period - Shot by Antti Miettinen.
5:52 of 2nd period - Stopped by Craig Anderson without a rebound.
5:53 of 2nd period - Travis Zajac wins face-off versus Tyler Bozak in RedWings zone.
6:12 of 2nd period - Colin White is hit by Mike Knuble and loses puck.
6:50 of 2nd period - Minor Penalty to Ryan Getzlaf for Cross-checking.
6:51 of 2nd period - Nate Thompson wins face-off versus Vaclav Prospal in RedWings zone.
6:57 of 2nd period - Icing by Joe Corvo.
6:58 of 2nd period - Vaclav Prospal wins face-off versus Nate Thompson in Avalanche zone.
7:12 of 2nd period - Joe Corvo is hit by Paul Martin and loses puck.
8:20 of 2nd period - James Vandermeer is hit by Colin White and loses puck.
8:23 of 2nd period - Shot by Shawn Horcoff.
8:23 of 2nd period - Shot Blocked by Colin White.
8:59 of 2nd period - Off-side.
9:00 of 2nd period - Shawn Horcoff wins face-off versus Travis Zajac in neutral zone.
9:05 of 2nd period - Minor Penalty to Pavel Kubina for Hooking.
9:05 of 2nd period - Minor Penalty to Ian Laperriere for Holding.
9:06 of 2nd period - Travis Zajac wins face-off versus Vaclav Prospal in RedWings zone.
9:14 of 2nd period - Off-side.
9:15 of 2nd period - Travis Zajac wins face-off versus Tyler Bozak in neutral zone.
10:10 of 2nd period - Off-side.
10:11 of 2nd period - Vaclav Prospal wins face-off versus Ryan Getzlaf in neutral zone.
11:22 of 2nd period - Shot by Pavel Kubina.
11:22 of 2nd period - Shot Blocked by James Vandermeer.
11:38 of 2nd period - Shot by Ian Laperriere.
11:38 of 2nd period - Shot Misses the Net.
11:40 of 2nd period - Shot by Ian Laperriere.
11:40 of 2nd period - Stopped by Craig Anderson with a rebound.
11:42 of 2nd period - Shot by Ian Laperriere.
11:42 of 2nd period - Shot Misses the Net.
12:05 of 2nd period - Icing by James Vandermeer.
12:06 of 2nd period - Jamie Langenbrunner wins face-off versus Shawn Horcoff in Avalanche zone.
12:30 of 2nd period - Icing by Cal Clutterbuck.
12:31 of 2nd period - Ryan White wins face-off versus Travis Zajac in Avalanche zone.
12:39 of 2nd period - Minor Penalty to Colin White for Hooking.
12:39 of 2nd period - Minor Penalty to Ryan White for Hooking.
12:40 of 2nd period - Ryan Getzlaf wins face-off versus Tyler Bozak in RedWings zone.
12:56 of 2nd period - Shot by Dustin Penner.
12:56 of 2nd period - Stopped by Craig Anderson with a rebound.
12:58 of 2nd period - Shot by Dustin Penner.
12:58 of 2nd period - Shot Misses the Net.
13:02 of 2nd period - Shot by Tyler Bozak.
13:02 of 2nd period - Shot Misses the Net.
13:13 of 2nd period - Shot by Tyler Bozak.
13:13 of 2nd period - Shot Misses the Net.
13:15 of 2nd period - Shot by Cam Barker.
13:15 of 2nd period - Stopped by Craig Anderson without a rebound.
13:16 of 2nd period - Travis Zajac wins face-off versus Vaclav Prospal in RedWings zone.
13:34 of 2nd period - Minor Penalty to Kevin Klein for Interference.
13:35 of 2nd period - Shawn Horcoff wins face-off versus Alexandre Burrows in Avalanche zone.
13:35 of 2nd period - Shawn Horcoff is hit by Alexandre Burrows.
13:51 of 2nd period - Shot by Alexandre Burrows.
13:51 of 2nd period - Shot Misses the Net.
14:51 of 2nd period - Minor Penalty to Joe Corvo for Interference.
14:52 of 2nd period - Shawn Horcoff wins face-off versus Travis Zajac in Avalanche zone.
15:03 of 2nd period - Shot by Ray Whitney.
15:03 of 2nd period - Stopped by Antti Niemi without a rebound.
15:04 of 2nd period - Ian Laperriere wins face-off versus Alexandre Burrows in Avalanche zone.
16:01 of 2nd period - Shot by Travis Zajac.
16:01 of 2nd period - Stopped by Antti Niemi without a rebound.
16:02 of 2nd period - Shawn Horcoff wins face-off versus Travis Zajac in Avalanche zone.
16:27 of 2nd period - Shot by Zach Parise.
16:27 of 2nd period - Deflect By Travis Zajac.
16:27 of 2nd period - Stopped by Antti Niemi without a rebound.
16:28 of 2nd period - Shawn Horcoff wins face-off versus Ryan Getzlaf in Avalanche zone.
16:28 of 2nd period - Shawn Horcoff is hit by Ryan Getzlaf.
16:47 of 2nd period - Icing by Alexandre Burrows.
16:48 of 2nd period - Shawn Horcoff wins face-off versus Ryan Getzlaf in RedWings zone.
16:55 of 2nd period - Shot by Paul Martin.
16:55 of 2nd period - Shot Misses the Net.
17:07 of 2nd period - Shot by Niclas Bergfors.
17:07 of 2nd period - Stopped by Antti Niemi without a rebound.
17:08 of 2nd period - Nate Thompson wins face-off versus Tyler Bozak in Avalanche zone.
17:12 of 2nd period - Icing by Mike Knuble.
17:13 of 2nd period - Tyler Bozak wins face-off versus Ray Whitney in Avalanche zone.
17:42 of 2nd period - Shot by Mike Knuble.
17:42 of 2nd period - Shot Blocked by Colin White.
17:46 of 2nd period - Shot by Wojtek Wolski.
17:46 of 2nd period - Deflect By Tyler Bozak.
17:46 of 2nd period - Goal by Tyler Bozak - Avalanche : 2 - RedWings : 3.
17:47 of 2nd period - Vaclav Prospal wins face-off versus Marty Reasoner in neutral zone.
18:11 of 2nd period - Shot by Dustin Penner.
18:11 of 2nd period - Shot Blocked by Brett Clark.
18:13 of 2nd period - Shot by Joe Corvo.
18:13 of 2nd period - Shot Misses the Net.
19:12 of 2nd period - Shot by Jamie Langenbrunner.
19:12 of 2nd period - Shot Blocked by Antti Miettinen.
19:38 of 2nd period - Icing by Shawn Horcoff.
19:39 of 2nd period - Travis Zajac wins face-off versus Shawn Horcoff in Avalanche zone.
19:44 of 2nd period - Shot by Alexandre Burrows.
19:44 of 2nd period - Deflect By Ray Whitney.
19:44 of 2nd period - Shot Misses the Net.
19:46 of 2nd period - Shot by Colin White.
19:46 of 2nd period - Shot Blocked by Kevin Klein.
19:48 of 2nd period - Shot by Alexandre Burrows.
19:48 of 2nd period - Shot Misses the Net.
19:50 of 2nd period - Shot by Travis Zajac.
19:50 of 2nd period - Stopped by Antti Niemi without a rebound.
19:51 of 2nd period - Nate Thompson wins face-off versus Tyler Bozak in Avalanche zone.
19:51 of 2nd period - Nate Thompson is hit by Joni Pitkanen.

Period #3

0:01 of 3rd period - Travis Zajac wins face-off versus Vaclav Prospal in neutral zone.
0:29 of 3rd period - Shot by Alexandre Burrows.
0:29 of 3rd period - Stopped by Antti Niemi without a rebound.
0:30 of 3rd period - Zach Parise wins face-off versus Mike Knuble in Avalanche zone.
0:37 of 3rd period - Icing by Mike Knuble.
0:38 of 3rd period - Tyler Bozak wins face-off versus Curtis Glencross in Avalanche zone.
1:01 of 3rd period - Niclas Bergfors is hit by Joni Pitkanen.
1:22 of 3rd period - Icing by Paul Martin.
1:23 of 3rd period - Marty Reasoner wins face-off versus Vaclav Prospal in RedWings zone.
1:23 of 3rd period - Marty Reasoner is hit by Dustin Penner.
1:39 of 3rd period - Shot by Vaclav Prospal.
1:39 of 3rd period - Deflect By T.J. Oshie.
1:39 of 3rd period - Stopped by Craig Anderson without a rebound.
1:40 of 3rd period - Ryan Getzlaf wins face-off versus Shawn Horcoff in RedWings zone.
1:42 of 3rd period - Minor Penalty to Ian Laperriere for Roughing.
1:43 of 3rd period - Ryan Getzlaf wins face-off versus Shawn Horcoff in Avalanche zone.
1:45 of 3rd period - Minor Penalty to Kevin Klein for High sticking.
1:46 of 3rd period - Vaclav Prospal wins face-off versus Alexandre Burrows in Avalanche zone.
2:39 of 3rd period - Off-side.
2:40 of 3rd period - Travis Zajac wins face-off versus Vaclav Prospal in neutral zone.
2:59 of 3rd period - Shot by Ray Whitney.
2:59 of 3rd period - Stopped by Antti Niemi with a rebound.
3:21 of 3rd period - Shot by Ray Whitney.
3:21 of 3rd period - Deflect By Travis Zajac.
3:21 of 3rd period - Shot Misses the Net.
5:36 of 3rd period - Shot by Zach Parise.
5:36 of 3rd period - Stopped by Antti Niemi without a rebound.
5:37 of 3rd period - Alexandre Burrows wins face-off versus Tyler Bozak in Avalanche zone.
6:00 of 3rd period - Shot by Travis Zajac.
6:00 of 3rd period - Stopped by Antti Niemi with a rebound.
6:44 of 3rd period - Paul Martin is hit by Ryan White and loses puck.
7:39 of 3rd period - Shot by Zach Parise.
7:39 of 3rd period - Stopped by Antti Niemi without a rebound.
7:40 of 3rd period - Shawn Horcoff wins face-off versus Alexandre Burrows in Avalanche zone.
7:49 of 3rd period - Shot by Alexandre Burrows.
7:49 of 3rd period - Shot Blocked by James Vandermeer.
7:55 of 3rd period - Shot by Alexandre Burrows.
7:55 of 3rd period - Shot Blocked by James Vandermeer.
8:52 of 3rd period - Minor Penalty to Joe Corvo for Holding.
8:53 of 3rd period - Ryan Getzlaf wins face-off versus Tyler Bozak in Avalanche zone.
8:58 of 3rd period - Shot by Alexandre Burrows.
8:58 of 3rd period - Stopped by Antti Niemi without a rebound.
8:59 of 3rd period - Ryan Getzlaf wins face-off versus Tyler Bozak in Avalanche zone.
9:58 of 3rd period - Shot by Mike Knuble.
9:58 of 3rd period - Shot Misses the Net.
11:10 of 3rd period - Shot by Niclas Bergfors.
11:10 of 3rd period - Shot Blocked by Cal Clutterbuck.
11:12 of 3rd period - Shot by Brett Clark.
11:12 of 3rd period - Shot Misses the Net.
11:14 of 3rd period - Shot by Brett Clark.
11:14 of 3rd period - Deflect By Niclas Bergfors.
11:14 of 3rd period - Shot Blocked by Joe Corvo.
11:46 of 3rd period - Shot by Nate Thompson.
11:46 of 3rd period - Stopped by Antti Niemi without a rebound.
11:47 of 3rd period - Tyler Bozak wins face-off versus Ryan Getzlaf in Avalanche zone.
11:59 of 3rd period - Minor Penalty to Mike Knuble for Interference.
12:00 of 3rd period - Ryan Getzlaf wins face-off versus Shawn Horcoff in Avalanche zone.
12:53 of 3rd period - James Vandermeer is hit by Ryan Getzlaf and loses puck.
14:00 of 3rd period - Icing by Kris Draper.
14:01 of 3rd period - Marty Reasoner wins face-off versus Vaclav Prospal in RedWings zone.
14:11 of 3rd period - Minor Penalty to Brett Clark for Hooking.
14:12 of 3rd period - Nate Thompson wins face-off versus Wojtek Wolski in RedWings zone.
14:12 of 3rd period - Nate Thompson is hit by Vaclav Prospal.
14:21 of 3rd period - Vaclav Prospal is hit by Kris Draper and loses puck.
16:05 of 3rd period - Off-side.
16:06 of 3rd period - Tyler Bozak wins face-off versus Nate Thompson in neutral zone.
17:59 of 3rd period - Shot by Alexandre Burrows.
17:59 of 3rd period - Shot Misses the Net.
18:13 of 3rd period - Shot by Zach Parise.
18:13 of 3rd period - Stopped by Antti Niemi with a rebound.
18:15 of 3rd period - Shot by Brett Clark.
18:15 of 3rd period - Shot Blocked by Wade Redden.
19:03 of 3rd period - Shot by Brian Campbell.
19:03 of 3rd period - Stopped by Antti Niemi without a rebound.
19:04 of 3rd period - Shawn Horcoff wins face-off versus Ray Whitney in Avalanche zone.
19:09 of 3rd period - Avalanche, Antti Niemi is pulled from the net.
19:26 of 3rd period - Alexandre Burrows is hit by James Vandermeer.
19:43 of 3rd period - Off-side.
19:44 of 3rd period - Shawn Horcoff wins face-off versus Travis Zajac in neutral zone.


Output by the SimonT Hockey Simulator (STHS) for Stephane Roy -- Original Page W3C XHTML 1.0 Valid